 Dungeon Crawl Stone Soup version 0.30-a0-918-g0ff054e9dc (webtiles) character file.

Game seed: 15396632990596809715

2294 CowFu the Martial Artist (level 9, -8/71 HPs)
             Began as a Demonspawn Monk on Mar 20, 2023.
             Was a Believer of Makhleb.
             Mangled by a boulder beetle (13 damage)
             ... on level 7 of the Dungeon.
             The game lasted 00:12:19 (5862 turns).

CowFu the Martial Artist (Demonspawn Monk)          Turns: 5862, Time: 00:12:19

Health: -8/71      AC: 10    Str: 15    XL:     9   Next: 17%
Magic:  9/9        EV: 16    Int: 13    God:    Makhleb [**....]
Gold:   425        SH:  0    Dex: 21    Spells: 8/8 levels left

rFire   . . .      SeeInvis +      - Unarmed
rCold   . . .      Faith    .    (no shield)
rNeg    . . .      Spirit   .    x - +0 robe
rPois   .          Reflect  .    (helmet restricted)
rElec   .          Rampage  .    e - +2 cloak
rCorr   .                        k - +0 pair of gloves
Will    .....                    (no boots)
Stlth   +++++                    (no amulet)
HPRegen 0.31/turn                d - +4 ring of protection
MPRegen 0.11/turn                f - ring of see invisible

@: brilliant, studying Unarmed Combat
A: antennae 1, thin skeletal structure 3, powered by death 1, spiny 2
a: Renounce Religion, Minor Destruction


You were on level 7 of the Dungeon.
You worshipped Makhleb.
Makhleb was pleased with you.
You visited 2 branches of the dungeon, and saw 8 of its levels.
You also visited: Sewer.

You collected 425 gold pieces.

Inventory:

Hand Weapons
 a - the +5 sling "Oprud" {flame, Int+2 Dex+5}
   (You found it on level 7 of the Dungeon)

   Int:       It affects your intelligence (+2).
   Dex:       It affects your dexterity (+5).
Missiles
 t - a throwing net (quivered)
Armour
 e - a +2 cloak (worn)
 h - a +0 scale mail of cold resistance
 k - a +0 pair of gloves (worn)
 x - a +0 robe (worn)
Jewellery
 d - a +4 ring of protection (left hand)
 f - a ring of see invisible (right hand)
 w - a ring of willpower
Wands
 l - a wand of iceblast (6)
 n - a wand of acid (8)
 u - a wand of flame (26)
Scrolls
 c - 11 scrolls of identify
 g - a scroll of magic mapping
 j - 3 scrolls of blinking
 o - a scroll of amnesia {unknown}
 p - a scroll of enchant armour
 r - a scroll of acquirement {unknown}
 s - a scroll of teleportation
Potions
 i - 2 potions of lignification
 q - a potion of flight {unknown}
Miscellaneous
 b - a phial of floods


   Skills:
 - Level 6.7 Fighting
 - Level 6.1 Dodging
 - Level 1.8 Stealth
 + Level 10.4 Unarmed Combat


You had 8 spell levels left.
You didn't know any spells.
Your spell library contained the following spells:

 Spells                   Type           Power      Damage    Failure   Level
 Ensorcelled Hibernation  Hex/Ice        0%         N/A       43%         2
 Inner Flame              Hex/Fire       0%         N/A       67%         3
 Spider Form              Tmut/Pois      0%         N/A       67%         3
 Anguish                  Hex/Necr       0%         N/A       97%         4
 Cause Fear               Hex            0%         N/A       97%         4
 Discord                  Hex            0%         N/A       100%        8


Dungeon Overview and Level Annotations

Branches:
Dungeon (7/15)             Temple (1/1) D:7           Sewer (visited)

Altars:
Ashenzari
Dithmenos
Fedhas
Hepliaklqana
Kikubaaqudgha
Makhleb
Nemelex Xobeh
Qazlal
Ru
Trog
Vehumet
Wu Jian
Xom


Innate Abilities, Weirdness & Mutations

You have a pair of small antennae on your head.
You have an unnaturally thin skeletal structure. (Dex +6, Stealth+++)
You regenerate a little health from kills.
You are mostly covered in sharp spines.


Message History

You shoot a sling bullet.
The sling bullet hits the boulder beetle but does no damage.
The boulder beetle is heavily wounded.
The boulder beetle closely misses you.
You shoot a sling bullet.
The sling bullet hits the boulder beetle.
The sling bullet burns the boulder beetle.
The boulder beetle is heavily wounded.
The boulder beetle is struck by your spines.
The boulder beetle bites you! The boulder beetle barely misses you.
You shoot a sling bullet.
The sling bullet hits the boulder beetle but does no damage.
The boulder beetle is heavily wounded.
The boulder beetle bites you but does no damage.
You shoot a sling bullet.
The sling bullet hits the boulder beetle but does no damage.
The boulder beetle is heavily wounded.
The boulder beetle waves its antennae.
The boulder beetle bites you!!
* * * LOW HITPOINT WARNING * * *
The boulder beetle bites you but does no damage.
The +5 sling "Oprud" {flame, Int+2 Dex+5} stops flaming.
You are now empty-handed.
You hit the boulder beetle but do no damage.
The boulder beetle is heavily wounded.
The boulder beetle bites you but does no damage.
You hit the boulder beetle but do no damage.
The boulder beetle is heavily wounded.
The boulder beetle closely misses you.
You hit the boulder beetle but do no damage.
The boulder beetle is heavily wounded.
You hit the boulder beetle.
The boulder beetle is heavily wounded.
The boulder beetle bites you!
* * * LOW HITPOINT WARNING * * *
It was a potion of brilliance.
You feel clever all of a sudden.
The boulder beetle is struck by your spines.
The boulder beetle bites you!
You die...

#...###### #.## ####
#.#)#.#........[...
..#.#...÷....#....#
........#...... ..# #.#
.##.##.....#.# #.# #..
.#...#.###...## #.# ###
...[....!#.#..# #.#
.#...#.###÷...# #>#
.##.##.B@..#..###.##
........#†##....)..######
..#.#.....).).###........
#.#.#.#.#####.##...######
..###...# #.....)...)..
........# ###.##...######
.#.#.##.. ........## ....
... ....##### ## #####


You could see a boulder beetle.

Vanquished Creatures
  A troll (D:6)
  Menkaure (D:5)
  An orc warrior (D:6)
  An ice beast (D:6)
  A sky beast (D:7)
  An ogre (D:4)
  A centaur (D:7)
  2 kobold brigands
  A gnoll sergeant (D:6)
  4 bullfrogs
  A scorpion (D:6)
  A wight (D:6)
  A killer bee (D:7)
  A jelly (D:5)
  Crazy Yiuf (D:2)
  4 orc priests
  4 hounds
  2 sleepcaps (D:5)
  4 iguanas
  3 orc wizards
  8 gnolls
  10 adders
  3 shadow imps
  2 white imps
  An ufetubus (D:6)
  3 worms
  2 dart slugs
  19 orcs
  14 endoplasms
  11 giant cockroaches
  7 goblins
  9 hobgoblins
  2 jackals (D:3)
  14 quokkas
  13 ball pythons
  7 bats
  9 frilled lizards
  15 kobolds
  6 rats
191 creatures vanquished.

Vanquished Creatures (others)
  An orc wizard (D:3)
1 creature vanquished.

Grand Total: 192 creatures vanquished

Notes
Turn   | Place    | Note
-------+----------+-------------------------------------------
     0 | D:1      | CowFu the Demonspawn Monk began the quest for the Orb.
     0 | D:1      | Reached XP level 1. HP: 18/18 MP: 1/1
   273 | D:1      | Gained mutation: You are partially covered in sharp spines.
                  | [demonic ancestry]
   273 | D:1      | Reached XP level 2. HP: 24/24 MP: 2/2
   402 | D:1      | Reached skill level 3 in Unarmed Combat
   527 | D:1      | You fall into a shaft and drop 1 floor!
  1095 | D:2      | Gained mutation: You are mostly covered in sharp spines.
                  | [demonic ancestry]
  1095 | D:2      | Reached XP level 3. HP: 29/29 MP: 3/3
  1256 | D:2      | Found a faded altar of an unknown god.
  1420 | D:2      | Found a runed translucent door.
  1421 | D:2      | Noticed Crazy Yiuf
  1722 | D:2      | Killed Crazy Yiuf
  1723 | D:2      | Gained mutation: You have a somewhat thin skeletal
                  | structure. (Dex +2, Stealth+) [demonic ancestry]
  1723 | D:2      | Reached XP level 4. HP: 16/37 MP: 4/4
  2126 | D:3      | Reached XP level 5. HP: 42/42 MP: 5/5
  2390 | D:3      | Reached skill level 4 in Unarmed Combat
  2712 | D:4      | Gained mutation: You have a moderately thin skeletal
                  | structure. (Dex +4, Stealth++) [demonic ancestry]
  2712 | D:4      | Reached XP level 6. HP: 39/49 MP: 6/6
  2830 | D:4      | Found a glowing drain.
  2840 | Sewer    | Entered a sewer
  3146 | Sewer    | Reached skill level 5 in Fighting
  3152 | Sewer    | Gained mutation: You have a pair of small antennae on your
                  | head. [demonic ancestry]
  3152 | Sewer    | Reached XP level 7. HP: 56/56 MP: 7/7
  3740 | D:4      | Reached skill level 5 in Dodging
  3740 | D:4      | Reached skill level 5 in Unarmed Combat
  3760 | D:5      | Entered Level 5 of the Dungeon
  3760 | D:5      | Noticed Menkaure
  3767 | D:5      | Killed Menkaure
  4188 | D:5      | Identified the +0 leather armour "Kolynk" {rElec rC- rN+}
  4246 | D:6      | Gained mutation: You regenerate a little health from kills.
                  | [demonic ancestry]
  4246 | D:6      | Reached XP level 8. HP: 64/64 MP: 8/8
  4328 | D:6      | Noticed a troll
  4352 | D:6      | Killed a troll
  4353 | D:6      | Reached skill level 6 in Unarmed Combat
  4890 | D:6      | Reached skill level 7 in Unarmed Combat
  5004 | D:6      | Identified the +3 dagger of the Sun {protect, Int+3 Stlth+}
  5037 | D:6      | Reached skill level 8 in Unarmed Combat
  5400 | D:7      | Found a staircase to the Ecumenical Temple.
  5403 | D:7      | Identified the +5 sling "Oprud" {flame, Int+2 Dex+5}
  5405 | D:7      | Reached skill level 9 in Unarmed Combat
  5410 | Temple   | Entered the Ecumenical Temple
  5418 | Temple   | Upgraded the game from 0.30-a0-913-g9934a0ce24 to
                  | 0.30-a0-918-g0ff054e9dc
  5424 | Temple   | Became a worshipper of Makhleb the Destroyer
  5424 | Temple   | Reached * piety under Makhleb
  5424 | Temple   | Reached ** piety under Makhleb
  5605 | D:7      | Gained mutation: You have an unnaturally thin skeletal
                  | structure. (Dex +6, Stealth+++) [demonic ancestry]
  5605 | D:7      | Reached XP level 9. HP: 71/71 MP: 9/9
  5628 | D:7      | Noticed a boulder beetle
  5674 | D:7      | Reached skill level 10 in Unarmed Combat
  5862 | D:7      | Mangled by a boulder beetle

Illustrated notes

Levels and vault maps discovered:
D:1:      tarquinn_simple_flora_water_b, layout_basic
D:2:      layout_basic, hellmonk_ecumenical_altar_run_dry,
          uniq_crazy_yiuf_cottage
D:3:      layout_basic
D:4:      layout_rooms, serial_rivers, chequers_serial_rivers_small_b,
          chequers_serial_rivers_micro_d, chequers_serial_rivers_small_3,
          chequers_serial_rivers_micro_d, chequers_serial_rivers_micro_e,
          gup_sewer_entry_bubbles
D:5:      layout_cave_pools, uniq_menkaure
D:6:      layout_loops_ring, minmay_manual_moon
D:7:      layout_loops_ring, minmay_temple_entry_offerings,
          minmay_fractal_squares_5
Temple:   nicolae_temple_no_exploring_needed

Skill      XL: |  1  2  3  4  5  6  7  8  9 |
---------------+----------------------------+-----
Unarmed Combat | 3 4 5 9 10 | 10.4
Dodging        | 3 4 5 6 |  6.1
Fighting       | 4 5 6 |  6.7
Stealth        | |  1.8

Action                     |  1- 3 |  4- 6 |  7- 9 || total
---------------------------+-------+-------+-------++-------
  Melee: Unarmed           |    89 |   172 |   213 ||   474
         Punch             |     3 |     4 |    11 ||    18
   Fire: Sling             |       |       |    36 ||    36
    Use: Potion            |     1 |     2 |     3 ||     6
         Scroll            |       |     5 |     4 ||     9
   Stab: Sleeping          |     5 |    17 |    12 ||    34
 Armour: Robe              |     8 |    41 |    51 ||   100
  Dodge: Dodged            |    43 |   103 |   121 ||   267

Table legend: (Time is in decaauts)
 A = Elapsed time spent in this place.
 B = Non-inter-level travel time spent in this place.
 C = Inter-level travel time spent in this place.
 D = Time resting spent in this place.
 E = Time spent auto-exploring this place.
 F = Levels seen in this place.
 G = Mean time per level.
                   A        B        C        D        E       F      G
               +--------+--------+--------+--------+--------+-----+--------+
         Total |   5962 |   5783 |    179 |      0 |   4075 |   9 |  662.4 |
       Dungeon |   5307 |   5128 |    179 |      0 |   3700 |   7 |  758.1 |
        Temple |     20 |     20 |      0 |      0 |      0 |   1 |   20.0 |
         Sewer |    633 |    633 |      0 |      0 |    374 |   1 |  633.0 |
               +--------+--------+--------+--------+--------+-----+--------+

Top non-repeatable levels by time:
     D:1: 1057 daAuts
     D:6: 869 daAuts
     D:3: 799 daAuts
     D:2: 782 daAuts
     D:5: 667 daAuts
   Sewer: 633 daAuts
     D:4: 601 daAuts
     D:7: 530 daAuts
  Temple: 20 daAuts
